 Dungeon Crawl Stone Soup version 0.32-a0-160-g465344b4ef (webtiles) character file.

Game seed: 6945015918633269074

349128 Dirtsage the Skinwalker (level 22, -1/150 HPs)
             Began as an Octopode Shapeshifter on Feb 10, 2024.
             Was a High Priest of the Shining One.
             Slain by a reaper
             ... wielding a +0 scythe of flaming
              (31 damage)
             ... on level 1 of the Crypt on Feb 11, 2024.
             The game lasted 01:54:42 (36701 turns).

Dirtsage the Skinwalker (Octopode Shapeshifter)    Turns: 36701, Time: 01:54:43

Health: -1/150     AC: 24    Str: 12    XL:     22   Next: 18%
Magic:  32/32      EV: 51    Int: 28    God:    the Shining One [*****.]
Gold:   2067       SH:  0    Dex: 30    Spells: 23/35 levels left

rFire   + +          +
                       - Unarmed
rCold   + + +        (shield currently unavailable)
rNeg    + + +        v - melded +1 hat {Will+}
rPois   ∞            k - amulet of regeneration
rElec   +            o - ring of Kindness {rF++ Will+++ Str-5 Int+6}
rCorr   +            R - ring of Lugonu's Indignation {rC++ AC+4 Str+4 Dex+2}
SInv    +            c - ring "Fuita Ito" {rPois rF+ Dex+3 SInv}
Will    +++++        X - ring of Koorghata {rN+ EV+5 Dex+3 Stlth-}
Stlth   +            K - ring of Kupsost {rC+ rCorr Str-2 Int+9 SInv}
HPRegen 1.25/turn    e - ring "Xuemoghu" {Fly Will++ Dex+2}
MPRegen 0.23/turn    M - +4 ring of protection
                     T - ring of Entrepreneurial Spirit {rPois AC+4}

%: no passive effects
@: storm-form, flying, glowing
A: cleaving, insubstantial, flying, almost no armour, amphibious, 8 rings,
(camouflage 1), (gelatinous body 1), (nimble swimmer 1), (tentacles)
}: 2/15 runes: serpentine, barnacled
a: Blinkbolt, Begin Untransformation, Renounce Religion, Divine Shield,
Cleansing Flame, Summon Divine Warrior


You were on level 1 of the Crypt.
You worshipped the Shining One.
The Shining One was extremely pleased with you.
You were a lightning-filled tempest!
You visited 8 branches of the dungeon, and saw 35 of its levels.
You visited 1 bazaar.
You also visited: Trove, Ossuary, Gauntlet and Ice Cave.

You collected 16106 gold pieces.
You spent 11091 gold pieces at shops.
You paid 2948 gold pieces to Gozag.

Inventory:

Armour
 v - a +1 hat of willpower (melded)
Jewellery
 b - the ring of Midwinter {rPois rN++ Will- rCorr}
   (You acquired it on level 5 of the Lair of Beasts)

   [ring of resist corrosion]

   rPois:     It protects you from poison rN++: It greatly protects you from
   negative energy.
   Will-:     It decreases your willpower.
   rCorr:     It protects you from acid and corrosion.
 c - the ring "Fuita Ito" (on tentacle) {rPois rF+ Dex+3 SInv}
   (You bought it in a shop on level 2 of the Snake Pit)

   [ring of protection from fire]

   Dex+3:     It affects your dexterity (+3).
   rF+:       It protects you from fire.
   rPois:     It protects you from poison SInv: It lets you see invisible.
 e - the ring "Xuemoghu" (on tentacle) {Fly Will++ Dex+2}
   (You found it on level 4 of the Dungeon)

   [ring of flight]

   Dex+2:     It affects your dexterity (+2).
   Will++:    It greatly increases your willpower.
   Fly:       It grants you flight.
 k - an amulet of regeneration (around neck)
 o - the ring of Kindness (left tentacle) {rF++ Will+++ Str-5 Int+6}
   (You bought it in a shop on level 2 of the Orcish Mines)

   [ring of intelligence]

   Str-5:     It affects your strength (-5).
   Int+6:     It affects your intelligence (+6).
   rF++:      It greatly protects you from fire.
   Will+++:   It greatly increases your willpower.
 K - the ring of Kupsost (on tentacle) {rC+ rCorr Str-2 Int+9 SInv}
   (You found it in a treasure trove)

   [ring of see invisible]

   Str-2:     It affects your strength (-2).
   Int+9:     It affects your intelligence (+9).
   rC+:       It protects you from cold.
   SInv:      It lets you see invisible.
   rCorr:     It protects you from acid and corrosion.
 L - the ring "Musorech" {rElec rC+ Will+ Str+3 Dex-5}
   (You found it in a treasure trove)

   [ring of protection from cold]

   Str+3:     It affects your strength (+3).
   Dex-5:     It affects your dexterity (-5).
   rC+:       It protects you from cold.
   rElec:     It insulates you from electricity.
   Will+:     It increases your willpower.
 M - a +4 ring of protection (on tentacle)
 R - the ring of Lugonu's Indignation (right tentacle) {rC++ AC+4 Str+4 Dex+2}
   (You bought it in a shop on level 2 of the Dungeon)

   [ring of protection]

   AC+4:      It affects your AC (+4).
   Str+4:     It affects your strength (+4).
   Dex+2:     It affects your dexterity (+2).
   rC++:      It greatly protects you from cold.
 T - the ring of Entrepreneurial Spirit (on tentacle) {rPois AC+4}
   (You bought it in a shop on level 12 of the Dungeon)

   [ring of protection]

   AC+4:      It affects your AC (+4).
   rPois:     It protects you from poison
 U - the amulet "Tuweqa" {Faith rN+ Str+3 SInv}
   (You found it in a treasure trove)

   [amulet of faith]

   Faith:     It allows you to gain divine favour quickly.
   Str+3:     It affects your strength (+3).
   rN+:       It protects you from negative energy.
   SInv:      It lets you see invisible.
 W - the ring of Ryeps {rPois rC+ Will+ Int+3 Dex-4}
   (You found it in a treasure trove)

   [ring of willpower]

   Int+3:     It affects your intelligence (+3).
   Dex-4:     It affects your dexterity (-4).
   rC+:       It protects you from cold.
   rPois:     It protects you from poison Will+: It increases your willpower.
 X - the ring of Koorghata (on tentacle) {rN+ EV+5 Dex+3 Stlth-}
   (You bought it in a shop on level 12 of the Dungeon)

   [ring of evasion]

   EV+5:      It affects your evasion (+5).
   Dex+3:     It affects your dexterity (+3).
   rN+:       It protects you from negative energy.
   Stlth-:    It makes you less stealthy.
Talismans
 Z - a storm talisman (active)
Scrolls
 g - 6 scrolls of fear
 p - 13 scrolls of revelation
 t - 11 scrolls of teleportation
 u - 7 scrolls of immolation
 x - 4 scrolls of poison
 y - 3 scrolls of fog
 B - 3 scrolls of blinking
 C - a scroll of brand weapon
 H - 4 scrolls of butterflies
 I - 2 scrolls of enchant weapon
 N - a scroll of vulnerability
 P - a scroll of silence
 V - 5 scrolls of amnesia
Potions
 a - 8 potions of lignification
 d - 9 potions of might
 h - 3 potions of haste
 l - 11 potions of heal wounds
 n - 4 potions of resistance
 q - 7 potions of curing
 r - 8 potions of attraction
 s - 10 potions of mutation
 w - 6 potions of brilliance
 z - 4 potions of cancellation
 G - 6 potions of ambrosia
 O - 3 potions of magic
 Y - 11 potions of enlightenment
Miscellaneous
 f - a box of beasts
 m - a phantom mirror
 D - a phial of floods
 Q - a lightning rod (4/4)


   Skills:
 - Level 12.7 Fighting
 - Level 12.9 Dodging
 - Level 13.3 Unarmed Combat
 + Level 7.1 Spellcasting
 - Level 8.6 Translocations
 - Level 8.5 Air Magic
 + Level 8.0 Earth Magic
 * Level 11.1 Invocations
 - Level 23.3 Shapeshifting


You had 23 spell levels left.
You knew the following spells:

 Your Spells              Type           Power      Damage    Failure   Level
a - Vhi's Electric Charg  Tloc/Air       100%       N/A       1%          4
w - Passwall              Erth           53%        N/A       1%          3
z - Lee's Rapid Deconstr  Erth           26%        3d14*     5%          5

Your spell library contained the following spells:

 Spells                   Type           Power      Damage    Failure   Level
 Apportation              Tloc           100%       N/A       1%          1
 Sandblast                Erth           100%       2d20      1%          1
 Shock                    Conj/Air       100%       1d9       1%          1
 Blink                    Tloc           100%       N/A       1%          2
 Mercury Vapours          Alch/Air       66%        N/A       1%          2
 Momentum Strike          Conj/Tloc      68%        3d9       1%          2
 Swiftness                Air            55%        N/A       1%          3
 Teleport Other           Tloc           55%        N/A       1%          3
 Passage of Golubria      Tloc           55%        N/A       1%          4
 Cigotuvi's Dreadful Rot  Necr/Alch/Air  50%        N/A       2%          2
 Volatile Blastmotes      Fire/Tloc      68%        2d15      2%          3
 Stone Arrow              Conj/Erth      64%        3d11      3%          3
 Freeze                   Ice            36%        1d5       5%          1
 Kiss of Death            Conj/Necr      36%        2d8       5%          1
 Magic Dart               Conj           36%        1d4       5%          1
 Necrotise                Necr           36%        1d5       5%          1
 Sting                    Conj/Alch      36%        1d5       5%          1
 Summon Small Mammal      Summ           36%        N/A       5%          1
 Call Imp                 Summ           18%        N/A       9%          2
 Jinxbite                 Hex            18%        N/A       9%          2
 Searing Ray              Conj           18%        2d5       9%          2
 Dimensional Bullseye     Hex/Tloc       17%        N/A       9%          4
 Brom's Barrelling Bould  Conj/Erth      32%        2d5       11%         4
 Leda's Liquefaction      Alch/Erth      16%        N/A       11%         4
 Petrify                  Alch/Erth      32%        N/A       11%         4
 Call Canine Familiar     Summ           9%         N/A       16%         3
 Confusing Touch          Hex            9%         N/A       16%         3
 Dazzling Flash           Conj/Hex       18%        N/A       16%         3
 Frozen Ramparts          Ice            18%        1d3       16%         3
 Hailstorm                Conj/Ice       9%         3d6       16%         3
 Inner Flame              Hex/Fire       9%         N/A       16%         3
 Ozocubu's Armour         Ice            9%         N/A       16%         3
 Sigil of Binding         Hex            9%         N/A       16%         3
 Arcjolt                  Conj/Air       16%        1d26      26%         5
 Silence                  Hex/Air        16%        N/A       26%         5
 Anguish                  Hex/Necr       4%         N/A       47%         4
 Animate Dead             Necr           9%         N/A       47%         4
 Cause Fear               Hex            4%         N/A       47%         4
 Dispel Undead            Necr           9%         3d8       47%         4
 Flame Wave               Conj/Fire      9%         2d6       47%         4
 Fulminant Prism          Conj/Alch      4%         3d5       47%         4
 Ignite Poison            Fire/Alch      9%         N/A       47%         4
 Olgreb's Toxic Radiance  Alch           9%         N/A       47%         4
 Sticky Flame             Fire/Alch      9%         2d5       47%         4
 Plasma Beam              Fire/Air       16%        2x1d28    82%         6
 Alistair's Intoxication  Alch           6%         N/A       83%         5
 Irradiate                Conj/Alch      4%         3d13      83%         5
 Iskenderun's Battlesphe  Conj           9%         2d6       83%         5
 Metabolic Englaciation   Hex/Ice        4%         N/A       83%         5
 Bombard                  Conj/Erth      16%        9d3       85%         6
 Sculpt Simulacrum        Ice/Alch       4%         N/A       100%        6
 Starburst                Conj/Fire      4%         6d4       100%        6
 Enfeeble                 Hex            4%         N/A       100%        7
 Haunt                    Necr/Summ      4%         N/A       100%        7
 Spellforged Servitor     Conj/Summ      4%         N/A       100%        7
 Infestation              Necr           4%         N/A       100%        8
 Lehudib's Crystal Spear  Conj/Erth      16%        10d5      100%        8
 Maxwell's Capacitive Co  Air            27%        ∞         100%        8
 Chain Lightning          Conj/Air       16%        3d22      100%        9
 Fire Storm               Conj/Fire      4%         8d1       100%        9
 Shatter                  Erth           26%        3d22*     100%        9
 Sublimation of Blood     Necr           Unusable   N/A       N/A         2

Dungeon Overview and Level Annotations

Branches:
Dungeon (15/15)            Temple (1/1) D:4            Lair (5/5) D:10
 Shoals (4/4) Lair:3        Snake (4/4) Lair:3        Slime (0/5) Lair:5
    Orc (2/2) D:9             Elf (0/3) Orc:2        Vaults (3/5) D:14
  Crypt (1/3) Vaults:3     Depths (0/4) D:15        Ossuary (visited)
  IceCv (visited)         Gauntlet (visited)

Altars:
Ashenzari
Cheibriados
Dithmenos
Elyvilon
Fedhas
Gozag
Hepliaklqana
Kikubaaqudgha
Makhleb
Nemelex Xobeh
Okawaru
Qazlal
Ru
Sif Muna
Trog
Uskayaw
Vehumet
Wu Jian
Xom
Yredelemnul
Zin
The Shining One
Jiyva

Shops:
D:2 =?*   D:10 [   D:12 =   D:14 =?:?   Orc:2 [!=?   Snake:2 ?:=?   Vaults:1 :
Vaults:3 *

Portals:
Abyss: Lair:3
Pandemonium: Orc:2

Annotations:
D:2 sshop behind tatue
D:5 wall vault


Innate Abilities, Weirdness & Mutations

You are a lightning-filled tempest!
Your electrical attacks strike out in all directions at once.
You are incredibly evasive.
Your insubstantial body is immune to petrification, constriction, and being set on fire You are flying.
Your armour is entirely melded.
You are incapable of wielding weapons or throwing items.
You cannot wear most types of armour.
You are amphibious.
You can wear up to eight rings at the same time.
You are immune to poison.
((Your skin changes colour to match your surroundings (Stealth+).))
((Your rubbery body absorbs attacks. (AC +1, EV +1)))
((You are camouflaged when in or above water. (Stealth+)))
((You have tentacles for arms and can constrict up to eight enemies at once.))


Message History

You buffet the bone dragon!
The bone dragon closely misses you.
The bone dragon completely misses you. x2
The lich gestures at you while chanting.
You resist with almost no effort. The reaper completely misses you.
You hit the lich but do no damage.
The lich is almost destroyed.
You hit the bone dragon.
The bone dragon completely misses you. x2
The bone dragon tramples you but does no damage.
The reaper hits you from afar with a +0 scythe of flaming!!
* * * LOW HITPOINT WARNING * * *
The reaper burns you.
* * * LOW HITPOINT WARNING * * *
The lich conjures a glowing orb.
The wavering orb of destruction weakly hits you!
* * * LOW HITPOINT WARNING * * *
The bone dragon completely misses you. The bone dragon misses you.
The bone dragon completely misses you.
You take 37 damage, and have 32/150 hp.
MASSIVE DAMAGE!!
You batter the lich!!
You destroy the lich!
The Shining One accepts your kill.
You feel better.
You hit the bone dragon but do no damage.
The reaper completely misses you. The bone dragon completely misses you.
The bone dragon misses you. The bone dragon completely misses you.
Your Earth Magic skill increases to level 8!
You regained 3 hp, and now have 35/150 hp.
The reaper hits you with a +0 scythe of flaming!!!
The Shining One protects you from harm! The reaper drags you backwards!
The reaper burns you.
* * * LOW HITPOINT WARNING * * *
The bone dragon bites you.
* * * LOW HITPOINT WARNING * * *
The bone dragon completely misses you. x2; The reaper completely misses you.
You take 6 damage, and have 29/150 hp.
You hit the reaper. Lightning courses through the reaper!
The reaper is moderately wounded.
You buffet the bone dragon!
The bone dragon completely misses you. x3
The reaper hits you with a +0 scythe of flaming!!
You die...

§§≈≈≈≈§≈≈## §§§≈≈§§§≈§#
##≈≈ß §§..§§§.≈≈###§≈.#
# ...§.....≈##≈≈..# [#
..≈≈§≈...≈##≈≈..# )##
.≈§§§§≈..≈≈≈§...##...#
.≈≈##§≈§§.≈§.....#...#≈#
.≈≈##§≈......).D.'...#≈#
.≈§##≈≈.........v2...#§#
.≈≈##≈≈...≈≈.....#...#§#
.≈≈≈§≈§.§≈≈≈§...## ..#
..≈§§§§..≈##§§§§# ##
.......§§§##§≈§§#
........§≈###§§.#
§§§≈§§§§§§# ##≈≈ß#
§§≈≈≈≈§§≈## ##≈≈≈
##########


You could see a bone dragon (fast, incited) and a reaper (berserk, incited).

Vanquished Creatures
  Jorgrun (Snake:2)
  A lich (Crypt:1)
  Mlioglotl (Shoals:4)
  A sphinx (Vaults:2)
  Polyphemus (Shoals:2)
  An ancient champion (Vaults:3)
  Kirke (D:12)
  Donald (Orc:2)
  5 nagarajas
  The ghost of Flugslaktarn the Metamorph, an adept OpAl of Wu Jian (Shoals:4)
  Louise (Shoals:3)
  3 frost giants
  7 vault wardens
  An orc warlord (Vaults:2)
  2 reapers (Crypt:1)
  8 ironbound preservers
  A vampire knight (Crypt:1)
  The ghost of fpsbossfight the Thaumaturge, a journeyman DjCj of Makhleb (Lair:3)
  Nessos (D:14)
  A formless jellyfish (Vaults:1)
  2 ironbound thunderhulks
  10 dire elephants
  2 war gargoyles (Vaults:1)
  Azrael (D:14)
  An entropy weaver (Vaults:2)
  A blizzard demon (Gauntlet)
  10 merfolk impalers
  The ghost of nago the Thaumaturge, a journeyman DjDe of Makhleb (D:11)
  Josephine (D:14)
  6 merfolk javelineers
  5 yaktaur captains (Vaults:2)
  3 quicksilver dragon skeletons (Crypt:1)
  2 hydras
  2 demonspawn (Orc:2)
  6 catoblepae
  Fannar (Lair:3)
  4 centaur warriors
  2 merfolk avatars
  A peacekeeper (Vaults:1)
  3 boulder beetles
  6 ironbound frosthearts
  15 anacondas
  8 merfolk aquamancers
  An alligator snapping turtle (Shoals:3)
  4 two-headed ogres
  A dancing weapon (Shoals:4)
  A hell hog (Lair:3)
  12 naga warriors
  2 satyrs (Shoals:4)
  Urug (Orc:2)
  4 tengu warriors (D:13)
  16 death yaks
  6 orc high priests
  19 naga sharpshooters
  6 shock serpents
  A soul eater (Orc:2)
  A deep elf knight (Snake:4)
  5 hell knights (Crypt:1)
  A sun demon (Lair:3)
  4 skysharks
  A sixfirhy (Lair:3)
  Lodul (D:12)
  Amaemon (Lair:3)
  7 skeletal warriors
  2 salamander mystics
  A flayed ghost (Crypt:1)
  19 sea snakes
  2 glowing orange brains (Vaults:2)
  13 mana vipers
  7 naga ritualists
  27 deep trolls
  3 phantasmal warriors (Crypt:1)
  11 lindwurms
  A golden dragon skeleton (Crypt:1)
  6 arcanists
  A deep elf archer (Snake:4)
  11 orc knights
  18 harpies
  2 necromancers
  9 ironbound convokers
  21 manticores
  20 fauns
  6 orc sorcerers (Orc:2)
  9 cyclopes
  A meliai (shapeshifter) (D:13)
  17 salamanders
  A stone giant skeleton (Vaults:3)
  29 ugly things
  4 human skeletons (Vaults:3)
  3 meliai (D:15)
  11 merfolk sirens
  22 slime creatures
  4 elephants
  5 kobold blastminers
  17 naga magi
  6 vault sentinels
  43 black mambas
  An orange demon (Lair:3)
  6 water nymphs
  An unseen horror (D:11)
  An ice statue (IceCv)
  24 yaktaurs
  5 guardian serpents
  A cane toad (shapeshifter) (D:13)
  2 gargoyles
  2 efreet
  5 komodo dragons
  11 cane toads
  A freezing wraith (Crypt:1)
  A komodo dragon (shapeshifter) (D:14)
  A yaktaur skeleton (Vaults:3)
  A tengu conjurer (D:15)
  4 rime drakes
  A queen bee (D:11)
  A troll (shapeshifter) (D:15)
  8 polar bears (IceCv)
  5 trolls
  28 merfolk
  12 wind drakes
  A hornet (shapeshifter) (D:13)
  Prince Ribbit (Lair:2)
  A hornet (D:10)
  A wolf spider simulacrum (Gauntlet)
  Grinder (D:3)
  A tarantella (shapeshifter) (D:14)
  5 blink frogs
  6 dream sheep
  6 snapping turtles
  17 water elementals
  4 elf skeletons (Vaults:3)
  2 centaur simulacra (Gauntlet)
  A spriggan (Lair:3)
  A vampire (D:10)
  5 wyverns
  67 yaks
  5 fire dragon skeletons (Crypt:1)
  Eustachio (D:4)
  4 hogs (D:12)
  4 basilisks
  5 wargs
  2 fire elementals (D:14)
  7 wraiths
  2 steam dragons
  Grum (D:9)
  3 chaos spawn (Orc:2)
  3 vampire mosquitoes (D:14)
  A death yak simulacrum (D:12)
  45 nagas
  3 acid dragons
  A two-headed ogre zombie (Crypt:1)
  2 hell hounds
  A hydra simulacrum (Gauntlet)
  14 water moccasins
  33 orc warriors
  A glowing shapeshifter skeleton (Vaults:3)
  An ice beast (D:6)
  2 black bears
  2 sky beasts
  3 boggarts (Vaults:2)
  13 ogres
  33 wolves
  12 centaurs
  3 phantoms
  10 bullfrogs
  2 kobold brigands (D:9)
  8 scorpions
  A gnoll sergeant (D:12)
  A two-headed ogre simulacrum (D:12)
  14 wights
  An elephant simulacrum (D:12)
  6 killer bees (D:11)
  2 howler monkeys
  5 electric eels
  A hound (D:5)
  4 centaur zombies (Ossuary)
  A human zombie (Ossuary)
  27 orc priests
  Jessica (D:3)
  5 scorpion zombies (Ossuary)
  Terence (D:3)
  5 iguanas
  A sleepcap (D:7)
  23 orc wizards
  3 troll simulacra (D:12)
  2 spriggan simulacra (D:12)
  A naga skeleton (Crypt:1)
  3 mummies (Ossuary)
  6 gnolls
  4 adders
  2 white imps (D:8)
  2 ufetubi (D:6)
  3 adder zombies (Ossuary)
  2 dart slugs (D:2)
  A ribbon worm (D:4)
  80 orcs
  7 bats
  5 endoplasms
  2 giant cockroaches (D:4)
  A gnoll zombie (Ossuary)
  11 goblins
  8 hobgoblins
  9 jackals
  4 quokkas
  10 ball pythons
  A ball python zombie (Ossuary)
  5 frilled lizards
  2 jackal zombies (Ossuary)
  8 kobolds
  4 orc zombies (Ossuary)
  11 rats
1345 creatures vanquished.

Vanquished Creatures (collateral kills)
  A minotaur (Gauntlet)
1 creature vanquished.

Vanquished Creatures (others)
  A merfolk impaler (Shoals:3)
  A polar bear (IceCv)
  A hell hound (D:14)
3 creatures vanquished.

Grand Total: 1349 creatures vanquished

Notes
Turn   | Place    | Note
-------+----------+-------------------------------------------
     0 | D:1      | Dirtsage the Octopode Shapeshifter began the quest for the
                  | Orb.
     0 | D:1      | Reached XP level 1. HP: 13/13 MP: 1/1
   210 | D:1      | Reached XP level 2. HP: 18/18 MP: 2/2
   429 | D:1      | Reached XP level 3. HP: 23/23 MP: 3/3
   909 | D:2      | Found Veycagul's Assorted Antiques.
  1092 | D:2      | Reached XP level 4. HP: 26/29 MP: 4/4
  1120 | D:2      | Found Recepusch's Jewellery Boutique.
  1293 | D:2      | Found Ovintir's Magic Scroll Emporium.
  1575 | D:3      | Noticed Terence
  1585 | D:3      | Killed Terence
  1687 | D:3      | Reached skill level 4 in Shapeshifting
  1735 | D:3      | Reached XP level 5. HP: 26/34 MP: 5/5
  1832 | D:3      | Found a shadowy altar of Dithmenos.
  1833 | D:3      | Noticed Jessica
  1851 | D:3      | Killed Jessica
  1944 | D:3      | Noticed Grinder
  1954 | D:3      | Killed Grinder
  1955 | D:3      | Reached XP level 6. HP: 3/41 MP: 6/6
  2191 | D:3      | Found an opulent altar of Gozag.
  2202 | D:3      | Became a worshipper of Gozag Ym Sagoz the Greedy
  2318 | D:3      | Found a glowing golden altar of the Shining One.
  2542 | D:4      | Noticed Eustachio
  2553 | D:4      | Killed Eustachio
  2554 | D:4      | Reached skill level 5 in Shapeshifting
  2554 | D:4      | Reached XP level 7. HP: 18/46 MP: 7/7
  2662 | D:4      | Found a staircase to the Ecumenical Temple.
  2676 | Temple   | Entered the Ecumenical Temple
  3043 | D:4      | Identified the ring "Xuemoghu" {Fly Will++ Dex+2}
  3312 | D:5      | Entered Level 5 of the Dungeon
  3409 | D:5      | Reached skill level 6 in Shapeshifting
  3409 | D:5      | Reached XP level 8. HP: 37/54 MP: 8/8
  3744 | D:5      | Reached skill level 5 in Unarmed Combat
  3794 | D:5      | Found a hazy altar of Hepliaklqana.
  4497 | D:6      | Found a shimmering altar of Xom.
  4652 | D:6      | Found a blossoming altar of Fedhas.
  4711 | D:6      | Reached skill level 5 in Dodging
  4900 | D:6      | Reached skill level 7 in Shapeshifting
  4942 | D:6      | Reached XP level 9. HP: 54/60 MP: 9/9
  5293 | D:7      | Reached skill level 5 in Fighting
  5322 | D:7      | Found a sand-covered staircase.
  5331 | Ossuary  | Entered an ossuary
  5786 | D:7      | Reached skill level 8 in Shapeshifting
  5926 | D:7      | Found a glowing silver altar of Zin.
  6306 | D:2      | Bought the ring of Lugonu's Indignation {rC++ AC+4 Str+4
                  | Dex+2} for 877 gold pieces
  6596 | D:8      | Found a shimmering blue altar of Sif Muna.
  6606 | D:8      | Found a white marble altar of Elyvilon.
  6962 | D:8      | Reached XP level 10. HP: 60/68 MP: 10/10
  7122 | D:8      | Found a radiant altar of Vehumet.
  7302 | D:9      | Noticed Grum
  7312 | D:9      | Killed Grum
  7319 | D:9      | Reached skill level 9 in Shapeshifting
  7406 | D:9      | Found a staircase to the Orcish Mines.
  7417 | D:9      | Noticed a two-headed ogre
  7428 | D:9      | Killed a two-headed ogre
  7557 | D:9      | Found a bloodstained altar of Trog.
  7683 | D:9      | Found an ancient bone altar of Kikubaaqudgha.
  7833 | D:9      | Noticed an orc knight
  7917 | D:9      | Killed an orc knight
  7943 | D:9      | Reached skill level 10 in Shapeshifting
  8009 | D:9      | Reached XP level 11. HP: 75/75 MP: 11/11
  8138 | D:10     | Entered Level 10 of the Dungeon
  8194 | D:10     | Found a stormy altar of Qazlal.
  8208 | D:10     | You are sucked into a shaft and drop 1 floor!
  8369 | D:10     | Found Taleor's Antique Armour Emporium.
  8425 | D:10     | Found a broken altar of Ashenzari.
  8542 | D:10     | Found a hide-covered altar of Uskayaw.
  8702 | D:10     | Found a sparkling altar of Nemelex Xobeh.
  8948 | D:10     | Found a staircase to the Lair.
  9096 | D:2      | Bought a +5 ring of evasion for 432 gold pieces
  9096 | D:2      | Bought a ring of poison resistance for 240 gold pieces
  9238 | Lair:1   | Entered Level 1 of the Lair of Beasts
  9328 | Lair:1   | Identified the +11 dagger "Fish" {vamp, rF++ rC+}
  9633 | Lair:1   | Reached skill level 11 in Shapeshifting
 10166 | Lair:1   | Reached XP level 12. HP: 77/84 MP: 12/12
 10261 | Lair:2   | Noticed Prince Ribbit
 10270 | Lair:2   | Killed Prince Ribbit
 10360 | Lair:2   | Noticed a skyshark
 10362 | Lair:2   | Noticed a catoblepas
 10380 | Lair:2   | Killed a skyshark
 10461 | Lair:2   | Killed a catoblepas
 10670 | Lair:2   | Reached skill level 12 in Shapeshifting
 11132 | Lair:2   | Noticed an anaconda
 11140 | Lair:2   | Killed an anaconda
 11229 | Lair:3   | Found a staircase to the Snake Pit.
 11241 | Lair:3   | Noticed Amaemon
 11258 | Lair:3   | Found a transporter.
 11280 | Lair:3   | Killed Amaemon
 11289 | Lair:3   | You are sucked into a shaft and drop 2 floors!
 11289 | Lair:5   | Entered Level 5 of the Lair of Beasts
 11318 | Lair:5   | Noticed a four-headed hydra
 11333 | Lair:5   | Killed a four-headed hydra
 11358 | Lair:5   | Found a gate leading to a gauntlet.
 11365 | Lair:5   | Found a staircase to the Slime Pits.
 11365 | Lair:5   | Found a viscous altar of Jiyva.
 11370 | Gauntlet | Entered a Gauntlet
 11370 | Gauntlet | Found a transporter.
 11370 | Gauntlet | Found a transporter.
 11371 | Gauntlet | Found a transporter.
 11374 | Gauntlet | Found a transporter.
 11376 | Gauntlet | Found a transporter.
 11388 | Gauntlet | Found a transporter.
 11392 | Gauntlet | Noticed a catoblepas
 11404 | Gauntlet | Noticed a blizzard demon
 11409 | Gauntlet | Found a transporter.
 11415 | Gauntlet | Found a transporter.
 11474 | Gauntlet | Found a transporter.
 11477 | Gauntlet | Noticed a death scarab
 11489 | Gauntlet | Found a transporter.
 11500 | Gauntlet | Found a transporter.
 11510 | Gauntlet | Found a transporter.
 11581 | Gauntlet | Reached skill level 10 in Unarmed Combat
 11605 | Gauntlet | Identified the ring of Nahuck {*Corrode rPois rN+ Will+
                  | Int+4}
 11610 | Gauntlet | Identified the staff of Ignis's Whim {rPois Stlth+ Conj
                  | Fire Alchemy}
 11627 | Gauntlet | Identified the ring of the Peasants {rF+ Will+ Str+4}
 11638 | Gauntlet | Killed a blizzard demon
 11654 | Gauntlet | Noticed a minotaur
 11659 | Gauntlet | Killed a minotaur
 11669 | Gauntlet | Got Gihuagg's Discourse on Pneumatic Alteration
 11673 | Gauntlet | Identified the +2 barding of Agolu {Harm}
 11674 | Gauntlet | Got the Vellum of Dislocation
 11676 | Gauntlet | Identified the +2 robe of Dast {Int+3}
 11742 | Lair:5   | Reached XP level 13. HP: 91/91 MP: 13/13
 11767 | Lair:5   | Reached skill level 10 in Dodging
 11824 | Lair:4   | Reached skill level 13 in Shapeshifting
 11945 | Lair:3   | Noticed Fannar
 11969 | Lair:4   | Reached skill level 10 in Fighting
 12011 | Lair:3   | Found a staircase to the Shoals.
 12193 | Lair:3   | Killed Fannar
 12577 | Lair:3   | Found a transporter.
 12578 | Lair:3   | Found a one-way gate to the infinite horrors of the Abyss.
 12578 | Lair:3   | Noticed fpsbossfight's ghost (journeyman DjCj)
 13741 | Lair:5   | Reached skill level 14 in Shapeshifting
 13810 | Lair:5   | Reached XP level 14. HP: 75/99 MP: 14/14
 14052 | Lair:5   | Identified a scroll of acquirement
 14052 | Lair:5   | Acquired the ring of Midwinter {rPois rN++ Will- rCorr}
 15079 | D:11     | Found a transporter.
 15084 | D:11     | Found a transporter.
 15085 | D:11     | Noticed nago's ghost (journeyman DjDe)
 15374 | D:12     | Found Siqe's Jewellery Shop.
 15396 | D:12     | Bought the ring of Entrepreneurial Spirit {rPois AC+4} for
                  | 660 gold pieces
 15396 | D:12     | Bought the ring of Koorghata {rN+ EV+5 Dex+3 Stlth-} for
                  | 729 gold pieces
 15518 | D:12     | Found a frozen archway.
 15556 | IceCv    | Entered an ice cave
 15632 | IceCv    | Got Ekletoaf's Vellum of Austromancy and the Volcano
 15936 | IceCv    | Reached skill level 15 in Shapeshifting
 15972 | IceCv    | Noticed a frost giant
 16024 | IceCv    | Killed a frost giant
 16490 | D:12     | Noticed Lodul
 16498 | D:12     | Killed Lodul
 17119 | D:12     | Noticed Kirke
 17156 | D:12     | Killed Kirke
 17157 | D:12     | Reached XP level 15. HP: 108/108 MP: 15/15
 17300 | D:12     | Identified the ring of the Lost Mystics {EV+5 Str+2 Int+3
                  | Dex+2}
 17429 | Orc:1    | Entered Level 1 of the Orcish Mines
 17685 | Orc:2    | Entered Level 2 of the Orcish Mines
 17771 | Orc:2    | Noticed Donald
 17791 | Orc:2    | Killed Donald
 17800 | Orc:2    | Noticed Urug
 17815 | Orc:2    | Killed Urug
 17838 | Orc:2    | Found Oweih's Magic Scroll Emporium.
 17840 | Orc:2    | Found Uceuzisauth's Distillery.
 17924 | Orc:2    | Bought a scroll of teleportation for 36 gold pieces
 17924 | Orc:2    | Bought a scroll of teleportation for 36 gold pieces
 17924 | Orc:2    | Bought a scroll of identify for 24 gold pieces
 17924 | Orc:2    | Bought a scroll of teleportation for 36 gold pieces
 17924 | Orc:2    | Bought a scroll of identify for 24 gold pieces
 17924 | Orc:2    | Bought a scroll of silence for 114 gold pieces
 17924 | Orc:2    | Bought a scroll of butterflies for 48 gold pieces
 17926 | Orc:2    | Bought 2 potions of might for 136 gold pieces
 17926 | Orc:2    | Bought a potion of invisibility for 136 gold pieces
 17926 | Orc:2    | Bought a potion of mutation for 136 gold pieces
 17926 | Orc:2    | Bought a potion of invisibility for 136 gold pieces
 17926 | Orc:2    | Bought a potion of resistance for 170 gold pieces
 17926 | Orc:2    | Bought a potion of heal wounds for 85 gold pieces
 18321 | Orc:2    | Reached skill level 16 in Shapeshifting
 18433 | Orc:2    | Found Ruvveamu's Jewellery Boutique.
 18433 | Orc:2    | Found Mith's Antique Armour Shop.
 18434 | Orc:2    | Found a one-way gate leading to the halls of Pandemonium.
 18436 | Orc:2    | Bought a storm talisman for 1120 gold pieces
 18440 | Orc:2    | Reached XP level 16. HP: 116/116 MP: 16/16
 18441 | Orc:2    | Reached skill level 17 in Shapeshifting
 18441 | Orc:2    | Reached XP level 17. HP: 121/121 MP: 17/17
 18443 | Orc:2    | Bought the ring of Kindness {rF++ Will+++ Str-5 Int+6} for
                  | 1092 gold pieces
 18587 | Orc:2    | Found a staircase to the Elven Halls.
 19285 | Snake:1  | Entered Level 1 of the Snake Pit
 19409 | Snake:1  | Reached skill level 18 in Shapeshifting
 20182 | Snake:2  | Found Tessoiff's Jewellery Emporium.
 20247 | Snake:2  | Found Utobem's Magic Scroll Emporium.
 20247 | Snake:2  | Found Buiqori's Magic Scroll Shoppe.
 20251 | Snake:2  | Found Deotatt's Book Shoppe.
 20256 | Snake:2  | Bought a scroll of blinking for 120 gold pieces
 20273 | Snake:2  | Bought the ring "Fuita Ito" {rPois rF+ Dex+3 SInv} for 700
                  | gold pieces
 20488 | Snake:2  | Noticed Jorgrun
 20694 | Snake:2  | Reached skill level 19 in Shapeshifting
 20694 | Snake:2  | Reached XP level 18. HP: 126/126 MP: 18/18
 21012 | Snake:2  | Killed Jorgrun
 21772 | Snake:3  | Found a hazy altar of Hepliaklqana.
 22120 | Snake:3  | Reached skill level 20 in Shapeshifting
 22843 | Snake:4  | Entered Level 4 of the Snake Pit
 23284 | Snake:4  | Reached skill level 21 in Shapeshifting
 23316 | Snake:4  | Found a shadowy altar of Dithmenos.
 24336 | Snake:4  | Reached XP level 19. HP: 105/132 MP: 19/19
 24384 | Snake:4  | Reached skill level 22 in Shapeshifting
 24444 | Snake:4  | Got a serpentine rune of Zot
 24997 | Snake:4  | Upgraded the game from 0.32-a0-135-g14f8b2e1af to
                  | 0.32-a0-160-g465344b4ef
 25149 | Shoals:1 | Entered Level 1 of the Shoals
 25194 | Shoals:1 | Found Kiotote's General Store.
 25386 | Shoals:1 | Bought a scroll of teleportation for 42 gold pieces
 25717 | Shoals:1 | Learned a level 4 spell: Vhi's Electric Charge
 26079 | Shoals:2 | Reached skill level 1 in Translocations
 26084 | Shoals:2 | Reached skill level 1 in Air Magic
 26307 | Shoals:2 | Identified the +1 whip of Analysis {elec, Str-5 Int+5
                  | Stlth+}
 26637 | Shoals:2 | Noticed Polyphemus
 26649 | Shoals:2 | Killed Polyphemus
 27347 | Shoals:3 | Noticed Louise
 27368 | Shoals:3 | Killed Louise
 27666 | Shoals:3 | Reached skill level 23 in Shapeshifting
 27736 | Shoals:3 | Reached XP level 20. HP: 95/139 MP: 20/20
 28095 | Shoals:4 | Entered Level 4 of the Shoals
 28122 | Shoals:4 | Found a runed translucent door.
 28122 | Shoals:4 | Found a shimmering altar of Xom.
 28122 | Shoals:4 | Noticed Flugslaktarn's ghost (adept OpAl)
 28252 | Shoals:4 | Reached skill level 5 in Air Magic
 28263 | Shoals:4 | Reached skill level 5 in Translocations
 28410 | Shoals:4 | Noticed Mlioglotl
 28426 | Shoals:4 | Killed Mlioglotl
 28794 | Shoals:4 | Got a barnacled rune of Zot
 28846 | Shoals:4 | Identified the +0 helmet of Vimor {-Tele rCorr Stlth+}
 29230 | Shoals:4 | Killed Flugslaktarn's ghost
 29402 | Snake:2  | Bought a book of Geomancy for 600 gold pieces
 29406 | Snake:2  | Learned a level 3 spell: Passwall
 29498 | Lair:3   | Killed fpsbossfight's ghost
 29499 | Lair:3   | Reached skill level 1 in Earth Magic
 29676 | D:11     | Killed nago's ghost
 30056 | D:2      | Bought a scroll of revelation for 75 gold pieces
 30056 | D:2      | Bought a scroll of fog for 40 gold pieces
 30056 | D:2      | Bought a scroll of revelation for 75 gold pieces
 30056 | D:2      | Bought a scroll of fear for 40 gold pieces
 30551 | D:13     | Found a hazy altar of Hepliaklqana.
 30740 | D:13     | Found a portal to a secret trove of treasure.
 30943 | Snake:2  | Bought a scroll of fog for 64 gold pieces
 30943 | Snake:2  | Bought a scroll of fog for 64 gold pieces
 31211 | D:13     | Reached skill level 1 in Spellcasting
 31422 | D:14     | Noticed Nessos
 31437 | D:14     | Killed Nessos
 31602 | D:14     | Noticed Azrael
 31616 | D:14     | Killed Azrael
 31663 | D:14     | Noticed Josephine
 31671 | D:14     | Killed Josephine
 31778 | D:14     | Bought 2 scrolls of acquirement for 1768 gold pieces
 31780 | D:14     | Acquired 1178 gold pieces
 31781 | D:14     | Acquired 1045 gold pieces
 31788 | D:14     | Bought a scroll of teleportation for 30 gold pieces
 31788 | D:14     | Bought a scroll of fog for 40 gold pieces
 31788 | D:14     | Bought a scroll of butterflies for 40 gold pieces
 31788 | D:14     | Bought a scroll of fog for 40 gold pieces
 31788 | D:14     | Bought a scroll of teleportation for 30 gold pieces
 32006 | D:3      | Fell from the grace of Gozag
 32006 | D:3      | Became a worshipper of the Shining One
 32211 | D:13     | You paid a toll of 6 scrolls of fog to enter a treasure
                  | trove
 32212 | Trove    | Entered a treasure trove
 32217 | Trove    | Found the necklace of Bloodlust {Fury *Rage Will++ Int-3
                  | Slay+6}
 32222 | Trove    | Identified the ring of Salvation {rC+ Str+2}
 32226 | Trove    | Identified the ring of Kupsost {rC+ rCorr Str-2 Int+9 SInv}
 32231 | Trove    | Identified the ring "Musorech" {rElec rC+ Will+ Str+3
                  | Dex-5}
 32237 | Trove    | Identified the amulet "Tuweqa" {Faith rN+ Str+3 SInv}
 32242 | Trove    | Identified the ring of Ryeps {rPois rC+ Will+ Int+3 Dex-4}
 32248 | Trove    | Identified the ring "Bilet" {rC+ rCorr SInv}
 32251 | Trove    | Identified the ring "Rooned" {rC+ Will+ Int+4 Stlth+}
 32529 | D:14     | Found a gate to the Vaults.
 32572 | D:15     | Entered Level 15 of the Dungeon
 32582 | D:15     | Reached skill level 1 in Invocations
 32612 | D:15     | Found a staircase to the Depths.
 32863 | D:15     | Found a hazy altar of Hepliaklqana.
 33134 | D:15     | Reached * piety under the Shining One
 33372 | Vaults:1 | Entered Level 1 of the Vaults
 33372 | Vaults:1 | Found Quehill's Book Emporium.
 33415 | Vaults:1 | Reached XP level 21. HP: 139/144 MP: 24/26
 33449 | Vaults:1 | Bought a book of Annihilations for 660 gold pieces
 33597 | Vaults:1 | Reached skill level 5 in Invocations
 34120 | Vaults:1 | Reached skill level 5 in Earth Magic
 34834 | Vaults:2 | Reached ** piety under the Shining One
 35088 | Vaults:2 | Reached skill level 5 in Spellcasting
 35310 | Vaults:2 | Identified the +8 great sword "Jeadet" {pain, Will++ Int+4
                  | Dex-4}
 36168 | Vaults:3 | Reached *** piety under the Shining One
 36242 | Vaults:3 | Found Bixuaw's General Store.
 36243 | Vaults:3 | Found a flickering gateway to a bazaar.
 36260 | Bazaar   | Entered a bazaar
 36265 | Bazaar   | Found Levvaegh's Book Shop.
 36297 | Bazaar   | Found Luppul's Book Shop.
 36305 | Bazaar   | Bought a book of the Earth for 396 gold pieces
 36333 | Vaults:3 | Learned a level 5 spell: Lee's Rapid Deconstruction
 36444 | Vaults:3 | Reached skill level 10 in Invocations
 36492 | Vaults:3 | Reached **** piety under the Shining One
 36506 | Vaults:3 | Reached XP level 22. HP: 150/150 MP: 31/31
 36521 | Vaults:3 | Found a staircase to the Crypt.
 36527 | Crypt:1  | Entered Level 1 of the Crypt
 36575 | Crypt:1  | Reached ***** piety under the Shining One
 36700 | Crypt:1  | The Shining One protects you from harm!
 36701 | Crypt:1  | Slain by a reaper

Illustrated notes

Levels and vault maps discovered:
D:1:      dpeg_arrival_ternary, layout_basic
D:2:      layout_basic, serial_shops, nicolae_shop_gaudy_bauble, shop,
          shop_statue, minmay_small_reverse_x
D:3:      layout_rooms, grunt_dithmenos_smoke, grunt_gozag_breadcrumbs,
          nicolae_tso_carved_into_rock, chequers_big_river, st_stairs_4,
          grunt_ministairs_8, uniq_terence, uniq_grinder, uniq_jessica
D:4:      layout_rooms, minmay_temple_entry_purple_smoke, uniq_eustachio
D:5:      layout_loops_cross, amcnicky_altar_gilded, serial_glass,
          glass_columns_b, glass_columns_c, feat_on_display, item_on_display_a,
          feat_on_display, moated_statue
D:6:      layout_basic, xom_teletrap_fun, fedhas_altar_1
D:7:      layout_rooms, mainiacjoe_overflow_alcove_2,
          mainiacjoe_ossuary_entry_dusty_tomb, minmay_misc_feat_five
D:8:      layout_basic, nicolae_sif_muna_condensation,
          mainiacjoe_overflow_boulevard, lemuel_crystal_altar, serial_curves,
          eino_curves_04, eino_curves_01, eino_curves_03, eino_curves_03,
          minmay_misc_feat_plants, hangedman_decor_push
D:9:      layout_roguey, nicolae_kikubaaqudgha_miasma_corner, trog_antimagical,
          orc_0_dummy, lightli_church_of_beogh, uniq_grum
D:10:     layout_stronghold, old_standard_altar, cheibrodos_ashenzari_chains,
          eat_drink_and_be_merry_uskayaw, general_overflow_altar,
          grunt_lair_entry_orc_guard_hut, serial_shops, shop
D:11:     layout_loops_ring, gammafunk_ghost_hive
D:12:     layout_long_grid, portal_ice_cave_entry_ice_simulacra,
          minmay_shop_enchanted_jewellery, uniq_kirke, uniq_lodul
D:13:     layout_roguey, nicolae_trove_entry_crossroad,
          nicolae_hepliaklqana_hazy_memory
D:14:     layout_cave_pools, david_vaults_4, kennysheep_minor_cross,
          uniq_nessos, uniq_josephine, uniq_azrael
D:15:     hangedman_depths_entry_try_elsewhere_first, layout_gridville,
          lemuel_crystal_altar
Temple:   nicolae_temple_stand_before_the_council
Lair:1:   layout_gridlike
Lair:2:   layout_regular_city, hellmonk_talismancer, grunt_megastairs_3,
          uniq_prince_ribbit2
Lair:3:   layout_gridlike, minmay_shoals_entry_beasts, dummy_snake_entry,
          gammafunk_ghost_abyssal_escape, uniq_fannar, uniq_amaemon
Lair:4:   layout_gridlike, disabler_island, infiniplex_staircase_pool
Lair:5:   evilmike_catoblepas_cave, layout_cave_pods, slime_entry_1,
          gauntlet_entry_generic, lemuel_fruit_tree, lemuel_fruit_fields,
          infiniplex_staircase_pool_2
Shoals:1: layout_shoals, serial_shops, nicolae_shop_just_a_little_nook,
          nicolae_shoals_water_shrine
Shoals:2: layout_shoals, uniq_polyphemus
Shoals:3: cheibrodos_shoals_epimethial_gifts, layout_shoals,
          nicolae_shoals_former_cling_halls, uniq_louise
Shoals:4: shoals_end_grunt_ice, layout_shoals, ebering_ghost_xom, uniq_mlioglotl
Snake:1:  layout_rooms, nicolae_snake_yet_another_twisty_hallway
Snake:2:  layout_chambers, minmay_shoptagon, uniq_jorgrun
Snake:3:  layout_grid_maze, basic_altar
Snake:4:  grunt_snake_rune_pools, layout_chambers, basic_altar,
          beargit_elvish_explorers, grunt_megastairs_1
Orc:1:    layout_diamond_mine, basic_altar, nicolae_orc_crystal_geode
Orc:2:    pf_orc_diabolical, layout_caves, uniq_urug, uniq_donald
Vaults:1: grunt_vaults_twisty, nicolae_vaults_little_squares_5,
          vaults_dpeg_hooks, nicolae_vaults_little_ls,
          nicolae_vaults_circle_grid_a, v_misc_22,
          hangedman_vaults_stretched_pinwheel, nicolae_vaults_alarming,
          vaults_room_semicircle, nicolae_vaults_mini_display_case,
          layout_vaults_omnigrid, serial_shops, shop_fountains
Vaults:2: v_misc_5, nicolae_vaults_rhombus_5, v_misc_10, vaults_room_semicircle,
          nicolae_vaults_ellipses_ellipsis, v_misc_10,
          nicolae_vaults_crenellated_ambush, nicolae_vaults_little_squares_1,
          nicolae_vaults_weapon_check, nicolae_vaults_stepped_doors,
          nicolae_vaults_apartment_1, layout_vaults_big_room
Vaults:3: minmay_crypt_entry_skeletal_spiral, v_pattern_4,
          nicolae_vaults_offset_grid_hallway_3, nicolae_vaults_apartment_1,
          nicolae_vaults_little_squares_6, v_rooms_2,
          nicolae_vaults_closet_pinwheel_3, nicolae_vaults_double_plus_1,
          grunt_vaults_hallway_long, v_misc_23,
          nicolae_vaults_trapezoid_lopsided_2, nicolae_vaults_tetromino_T_2,
          nicolae_vaults_wine_cellar, layout_vaults_maze_snakey, serial_shops,
          bzr_entry_islet, shop, nicolae_shop_hallway_stairs, shop, shop
Crypt:1:  cheibrodos_crypt_draghalla, layout_chaotic_city, st_stairs_6,
          uniq_khufu, uniq_sojobo

Skill      XL: |  1  2  3  4  5  6  7  8  9 10 11 12 13 14 15 16 17 18 19 20 21 22 |
---------------+-------------------------------------------------------------------+-----
Fighting       | 2 3 4 6 7 8 9 10 11 12 | 12.7
Shapeshifting  | 4 5 6 7 8 10 11 12 14 15 16 17 19 21 23 | 23.3
Dodging        | 3 4 5 6 7 8 9 11 12 | 12.9
Unarmed Combat | 4 5 6 7 9 10 11 12 13 | 13.3
Translocations | 4 8 |  8.6
Air Magic      | 4 8 |  8.5
Earth Magic    | 4 7 8 |  8.0
Spellcasting   | 3 6 7 |  7.1
Invocations    | 3 10 11 | 11.1

Action                     |  1- 3 |  4- 6 |  7- 9 | 10-12 | 13-15 | 16-18 | 19-21 | 22-24 || total
---------------------------+-------+-------+-------+-------+-------+-------+-------+-------++-------
  Melee: Unarmed           |    75 |    81 |   306 |   416 |   937 |   745 |  1387 |   119 ||  4066
         Constrict         |    18 |    20 |    79 |    87 |   224 |   165 |       |       ||   593
         Tentacles         |    11 |    15 |   109 |   164 |       |       |       |       ||   299
         Punch             |     3 |     3 |     6 |    12 |       |     4 |   174 |    20 ||   222
         Dagger            |       |       |       |   102 |       |       |       |       ||   102
   Cast: Passwall          |       |       |       |       |       |       |     3 |       ||     3
         Vhi's Electric Ch |       |       |       |       |       |       |     3 |       ||     3
 Invoke: Call Merchant     |       |       |       |       |       |       |     4 |       ||     4
         Divine Shield     |       |       |       |       |       |       |       |     1 ||     1
Ability: Blinkbolt         |       |       |       |       |       |       |     2 |       ||     2
  Evoke: Wand              |       |       |     2 |    11 |     7 |       |       |       ||    20
         Phantom mirror    |       |       |       |     1 |       |       |       |       ||     1
    Use: Scroll            |       |     9 |     8 |     7 |    12 |     1 |     5 |       ||    42
         Potion            |       |       |       |     1 |     3 |     2 |       |       ||     6
   Stab: Sleeping          |     9 |     9 |     4 |     1 |     1 |       |       |       ||    24
         Distracted        |     1 |       |       |     4 |     7 |     7 |     7 |       ||    26
         Paralysed         |       |       |       |    13 |       |       |       |       ||    13
         Petrified         |       |       |       |     6 |       |       |       |       ||     6
         Invisible         |       |       |       |       |     6 |       |       |       ||     6
 Armour: Skin              |    36 |    32 |    93 |   175 |   288 |   277 |   292 |    45 ||  1238
  Dodge: Dodged            |    38 |    38 |   241 |   426 |   686 |   790 |  1970 |   210 ||  4399
  Block: Other             |       |       |       |       |       |       |       |    20 ||    20
   Form: Flux              |       |       |     1 |     1 |       |       |       |       ||     2
                           |       |       |       |     1 |     1 |       |       |       ||     2
         Serpent           |       |       |       |     1 |     1 |     1 |       |       ||     3
         Storm             |       |       |       |       |       |     2 |       |       ||     2

Table legend: (Time is in decaauts)
 A = Elapsed time spent in this place.
 B = Non-inter-level travel time spent in this place.
 C = Inter-level travel time spent in this place.
 D = Time resting spent in this place.
 E = Time spent auto-exploring this place.
 F = Levels seen in this place.
 G = Mean time per level.
                   A        B        C        D        E       F      G
               +--------+--------+--------+--------+--------+-----+--------+
         Total |  35877 |  32200 |   3677 |    545 |  23217 |  40 |  896.9 |
       Dungeon |  14142 |  11851 |   2291 |    269 |   9037 |  15 |  942.8 |
        Temple |      1 |      1 |      0 |      0 |      0 |   1 |    1.0 |
          Lair |   5319 |   4783 |    536 |    151 |   3393 |   5 | 1063.8 |
        Shoals |   4020 |   3870 |    150 |      0 |   2967 |   4 | 1005.0 |
     Snake Pit |   5858 |   5466 |    392 |     28 |   3974 |   4 | 1464.5 |
  Orcish Mines |   1688 |   1526 |    162 |      0 |   1049 |   2 |  844.0 |
        Vaults |   2965 |   2822 |    143 |     97 |   1890 |   3 |  988.3 |
         Crypt |    146 |    146 |      0 |      0 |     26 |   1 |  146.0 |
        Bazaar |     65 |     65 |      0 |      0 |     39 |   1 |   65.0 |
         Trove |     99 |     99 |      0 |      0 |      0 |   1 |   99.0 |
       Ossuary |    409 |    409 |      0 |      0 |    193 |   1 |  409.0 |
      Ice Cave |    850 |    850 |      0 |      0 |    483 |   1 |  850.0 |
      Gauntlet |    309 |    309 |      0 |      0 |    166 |   1 |  309.0 |
               +--------+--------+--------+--------+--------+-----+--------+

Top non-repeatable levels by time:
 Snake:4: 2086 daAuts
 Snake:2: 1566 daAuts
  Lair:5: 1405 daAuts
Vaults:2: 1370 daAuts
Vaults:1: 1324 daAuts
 Snake:3: 1252 daAuts
    D:12: 1173 daAuts
    D:10: 1171 daAuts
Shoals:3: 1140 daAuts
   Orc:2: 1133 daAuts
Shoals:4: 1102 daAuts
  Lair:1: 1089 daAuts
     D:2: 1061 daAuts
     D:3: 1061 daAuts
     D:5: 1054 daAuts
